 Dungeon Crawl Stone Soup version 0.28.0 (webtiles) character file.

Game seed: 2452108562710186990

21 boopmooplesden the Skirmisher (level 2, 0/27 HPs)
             Began as a Minotaur Fighter on Feb 5, 2022.
             Succumbed to Sigmund's poison
             ... on level 2 of the Dungeon.
             The game lasted 00:01:06 (802 turns).

boopmooplesden the Skirmisher (Minotaur Fighter)     Turns: 802, Time: 00:01:07

Health: 0/27       AC: 12    Str: 20    XL:     2   Next: 65%
Magic:  1/1        EV:  5    Int:  5    God:
Gold:   69         SH:  4    Dex:  9    Spells: 1/1 levels left

rFire   . . .      SeeInvis .   a - +0 flail
rCold   . . .      Faith    .   c - +0 buckler
rNeg    . . .      Spirit   .   i - +0 plate armour
rPois   .          Reflect  .   (helmet restricted)
rElec   .          Harm     .   e - +0 cloak
rCorr   .          Rampage  .   (no gloves)
Will    .....                   (no boots)
Stlth   ..........              (no amulet)
HPRegen 0.09/turn               (no ring)
MPRegen 0.07/turn               (no ring)

@: mighty, lethally poisoned (0 -> -9)
A: horns 2, retaliatory headbutt
a: no special abilities


You were on level 2 of the Dungeon.
You visited 1 branch of the dungeon, and saw 2 of its levels.

You collected 69 gold pieces.

Inventory:

Hand Weapons
 a - a +0 flail (weapon)
Missiles
 h - 3 javelins (quivered)
Armour
 b - a +0 scale mail
 c - a +0 buckler (worn)
 e - a +0 cloak (worn)
 i - a +0 plate armour (worn)
Scrolls
 f - 2 scrolls of teleportation {unknown}
 j - a scroll of fear {unknown}
 k - a scroll of silence {unknown}
Potions
 g - a potion of brilliance {unknown}


   Skills:
 + Level 4.2 Fighting
 + Level 2.5 Maces & Flails
 + Level 4.0 Armour
 + Level 0.2 Dodging
 + Level 3.8 Shields


You had one spell level left.
You didn't know any spells.
Your spell library was empty.

Dungeon Overview and Level Annotations

Branches:
Dungeon (2/15)

Altars:

Annotations:
D:2 Sigmund


Innate Abilities, Weirdness & Mutations

You have a pair of horns on your head.
You reflexively headbutt those who attack you in melee.


Message History

The hobgoblin is almost dead.
The hobgoblin closely misses you.
You closely miss the hobgoblin.
The hobgoblin is almost dead.
The hobgoblin hits you.
The hobgoblin hits you but does no damage.
You sock the hobgoblin!
You kill the hobgoblin!
A rat comes into view.
A rat is nearby!
A rat is nearby!
You hit the rat but do no damage. The rat closely misses you.
The rat bites you but does no damage.
You thump the rat!
You kill the rat!
Found 30 stones.
Sigmund the Dreaded comes into view.
He is wielding a +1 scythe of venom and wearing a +1 robe of willpower.
Sigmund is nearby!
Sigmund barely misses you.
You feel very mighty all of a sudden. Sigmund barely misses you.
You furiously retaliate!
You headbutt Sigmund. You closely miss Sigmund.
Sigmund is lightly wounded.
You barely miss Sigmund.
Sigmund is lightly wounded.
Sigmund hits you but does no damage.
You are poisoned.
You hit Sigmund.
Sigmund is moderately wounded.
You feel very sick.
Sigmund hits you with a +1 scythe of venom.
You are more poisoned.
You closely miss Sigmund.
Sigmund is moderately wounded.
You feel very sick.
Sigmund hits you with a +1 scythe of venom!
* * * LOW HITPOINT WARNING * * *
You sock Sigmund!
Sigmund is severely wounded.
You die...

##...###.# ##
#######(####.## ..
............... #.
........####### #.
#####..<## ##.##
#....##
#####.(.######..#..#
............##.....#
#.@@..# #...#.#
##.#..#......#.#
...#..##....##.#
#####..##....##.#
#...##..##..#
##..##..##..#
#####...####^..#####
........####........
#######..##.........


You could see Sigmund.

Vanquished Creatures
  4 endoplasms
  A goblin (D:2)
  5 hobgoblins
  3 bats
  2 frilled lizards (D:2)
  2 kobolds (D:2)
  2 rats (D:2)
19 creatures vanquished.

Notes
Turn   | Place    | Note
-------+----------+-------------------------------------------
     0 | D:1      | boopmooplesden the Minotaur Fighter began the quest for the
                  | Orb.
     0 | D:1      | Reached XP level 1. HP: 19/19 MP: 0/0
   273 | D:1      | Found a faded altar of an unknown god.
   388 | D:2      | Reached XP level 2. HP: 19/27 MP: 1/1
   795 | D:2      | Noticed Sigmund
   802 | D:2      | Succumbed to Sigmund's poison

Illustrated notes

Levels and vault maps discovered:
D:1:      eino_arrival_druids_welcome, layout_rooms,
          hellmonk_ecumenical_altar_inner_sanctum
D:2:      layout_loops_ring, minmay_misc_feat_x, minmay_pentomino_w2,
          uniq_sigmund

Skill      XL: |  1  2 |
---------------+-------+-----
Fighting       | 4 |  4.2
Armour         | 4 |  4.0
Maces & Flails | |  2.5
Dodging        | |  0.2
Shields        | |  3.8

Action                   || total
-------------------------++-------
Melee: Flail             ||    49
       Headbutt          ||     4
  Use: Potion            ||     1
Armor: Scale mail        ||     6
       Plate armour      ||    28
Dodge: Dodged            ||    16
Block: Buckler           ||     8
